Ducks vs Wild

Created - April 12 2011 at 18:43

Goals
1 2 3 OT1 T
Ducks 0 1 2 0 3
Wild 0 3 0 1 4
Shots
1 2 3 OT1 T
Ducks 0 4 8 8 20
Wild 6 6 7 7 26

Period #1

No Goal

Penalties :
Erik Cole (MIN) for Hooking (Minor) at 5:30, David Clarkson (ANA) for Hooking (Minor) at 18:28

Period #2

1. Ducks , Christian Hanson 1 (Tom Poti) at 0:27 (SH)
2. Wild , Mark Eaton 1 (Daniel Alfredsson, Olli Jokinen) at 6:08 (PP)
3. Wild , Martin St. Louis 1 (Milan Hejduk, Joe Pavelski) at 10:16
4. Wild , Daniel Alfredsson 1 (Martin St. Louis, Kim Johnsson) at 17:03

Penalties :
Marc-Edouard Vlasic (ANA) for Hooking (Minor) at 0:15, Christian Hanson (ANA) for High sticking (Minor) at 6:02, Aaron Ward (MIN) for Slashing (Minor) at 7:07, Jakub Voracek (ANA) for Roughing (Minor) at 12:32

Period #3

5. Ducks , Andy McDonald 1 (Nick Schultz, Dustin Byfuglien) at 0:52
6. Ducks , Brandon Dubinsky 1 (Jonathan Toews) at 4:25

Penalties :
Erik Cole (MIN) for Roughing (Minor) at 5:22, Marc-Edouard Vlasic (ANA) for Interference (Minor) at 7:46, Manny Malhotra (ANA) for Charging (Minor) at 18:28

Overtime #1

7. Wild , Alexei Ponikarovsky 1 (Daniel Alfredsson, Francis Bouillon) at 19:52

Penalties :
Henrik Tallinder (ANA) for Interference (Minor) at 4:32

Goalie Stats

Jonas Hiller (ANA), 8 saves from 11 shots - (0.727), 37:03 minutes
Jose Theodore (ANA), 14 saves from 15 shots - (0.933), OTL, 0-0-1, 42:50 minutes
Ilya Bryzgalov (MIN), 17 saves from 20 shots - (0.850), W, 1-0-0, 79:53 minutes

Players Stats

Ducks
Player Name              G  A  P  +/- PIM S  H  SB FO    MP 
------------------------------------------------------------
Andy McDonald            1  0  1   0  0   6  0  0  10/29 26 
Brandon Dubinsky         1  0  1   0  0   2  2  0  2/2   27 
Bryan Little             0  0  0  -1  0   0  0  0  0/1   16 
Christian Hanson         1  0  1   1  2   1  1  1  5/7   7  
David Clarkson           0  0  0   0  2   1  2  0  0/2   19 
David Perron             0  0  0  -1  0   1  2  0  1/2   14 
Dustin Byfuglien         0  1  1   0  0   0  0  0  1/2   21 
Henrik Tallinder         0  0  0  -1  2   0  1  3  0/0   26 
Jakub Voracek            0  0  0   0  2   2  2  0  1/1   16 
Jonathan Toews           0  1  1  -1  0   1  1  0  12/29 27 
Kurtis Foster            0  0  0   0  0   2  4  0  0/0   24 
Manny Malhotra           0  0  0   0  2   1  1  0  9/20  17 
Marc-Edouard Vlasic      0  0  0  -1  4   0  1  4  0/0   26 
Mason Raymond            0  0  0   0  0   1  1  0  2/3   25 
Nick Schultz             0  1  1   0  0   1  2  1  0/0   27 
Richard Park             0  0  0   0  0   1  0  0  1/2   15 
Rob Scuderi              0  0  0   1  0   0  0  3  0/0   27 
Tom Poti                 0  1  1   1  0   0  1  5  0/0   27 
Wild
Player Name              G  A  P  +/- PIM S  H  SB FO    MP 
------------------------------------------------------------
Aaron Ward               0  0  0   0  2   0  4  0  0/0   22 
Alexei Ponikarovsky      1  0  1  -1  0   3  2  0  3/3   27 
Brian Willsie            0  0  0   0  0   0  0  0  0/0   3  
Chris Drury              0  0  0   0  0   1  0  0  20/29 26 
Daniel Alfredsson        1  2  3   0  0   4  0  1  0/1   29 
Erik Cole                0  0  0   0  4   1  4  0  1/1   21 
Francis Bouillon         0  1  1   0  0   0  1  1  0/0   26 
Joe Pavelski             0  1  1   1  0   4  2  0  14/27 29 
Kim Johnsson             0  1  1   0  0   2  0  0  0/0   20 
Mark Eaton               1  0  1  -1  0   1  0  0  0/0   29 
Martin St. Louis         1  1  2   1  0   3  0  0  0/1   28 
Michal Rozsival          0  0  0   0  0   0  3  0  0/0   30 
Milan Hejduk             0  1  1   0  0   6  1  0  0/4   25 
Olli Jokinen             0  1  1  -1  0   0  1  0  6/12  7  
Rob Niedermayer          0  0  0   0  0   1  0  0  12/22 19 
Robert Lang              0  0  0   0  0   0  0  0  0/0   0  
Ryan Whitney             0  0  0   1  0   0  1  2  0/0   30 
Stephane Yelle           0  0  0   0  0   0  2  0  0/0   21 

3 Stars

1 - Daniel Alfredsson (MIN)
2 - Martin St. Louis (MIN)
3 - Brandon Dubinsky (ANA)

Power Play

Ducks - 0 on 3 Attempt(s) - 0.00%
Wild - 1 on 7 Attempt(s) - 14.29%

Penalty Kill

Ducks - 6 on 7 Attempt(s) - 85.71% - Score 1 goal in Penalty Kill
Wild - 3 on 3 Attempt(s) - 100.00% - Score 0 goal in Penalty Kill

Game Notes

Christian Hanson is injured at 14:31 of 2nd period (Right Knee)
Jose Theodore enters game at 17:03 of 2nd period

Finance

Level 1 -- Attendance: 5259 (80.91%) -- Ticket Income $525,900.00
Level 2 -- Attendance: 4114 (82.28%) -- Ticket Income $246,840.00
Level 3 -- Attendance: 3339 (95.40%) -- Ticket Income $116,865.00
Level 4 -- Attendance: 2064 (100.00%) -- Ticket Income $41,280.00
Luxury Box -- Attendance: 898 (89.80%) -- Ticket Income $179,600.00
Game was played at the Xcel Energy Center
Total Attendance: 15674 (86.77%)
Total Ticket Income: $1,159,503.00
Other Income: $347,850.90
Total Income: $1,507,354.00


Play by Play

Period #1

0:01 of 1st period - Chris Drury wins face-off versus Jonathan Toews in neutral zone.
1:09 of 1st period - Martin St. Louis is hit by Kurtis Foster and loses puck.
2:06 of 1st period - Shot by Stephane Yelle.
2:06 of 1st period - Deflect By Erik Cole.
2:06 of 1st period - Shot Misses the Net.
2:10 of 1st period - Shot by Rob Niedermayer.
2:10 of 1st period - Shot Misses the Net.
2:12 of 1st period - Shot by Aaron Ward.
2:12 of 1st period - Shot Misses the Net.
2:16 of 1st period - Shot by Erik Cole.
2:16 of 1st period - Stopped by Jonas Hiller without a rebound.
2:17 of 1st period - Christian Hanson wins face-off versus Rob Niedermayer in Ducks zone.
2:33 of 1st period - Rob Niedermayer is hit by Christian Hanson and loses puck.
2:43 of 1st period - Shot by Rob Niedermayer.
2:43 of 1st period - Shot Misses the Net.
2:45 of 1st period - Shot by Rob Niedermayer.
2:45 of 1st period - Shot Blocked by Henrik Tallinder.
3:07 of 1st period - Icing by Marc-Edouard Vlasic.
3:08 of 1st period - Christian Hanson wins face-off versus Chris Drury in Ducks zone.
3:08 of 1st period - Christian Hanson is hit by Alexei Ponikarovsky.
4:00 of 1st period - Shot by Jonathan Toews.
4:00 of 1st period - Shot Hit the Post.
5:04 of 1st period - Off-side.
5:05 of 1st period - Jonathan Toews wins face-off versus Rob Niedermayer in neutral zone.
5:27 of 1st period - Jonathan Toews is hit by Erik Cole.
5:30 of 1st period - Minor Penalty to Erik Cole for Hooking.
5:31 of 1st period - Chris Drury wins face-off versus Jonathan Toews in Wild zone.
5:31 of 1st period - Chris Drury is hit by Mason Raymond.
6:29 of 1st period - Brian Willsie is hit by Brandon Dubinsky and loses puck.
7:25 of 1st period - Icing by David Perron.
7:26 of 1st period - Chris Drury wins face-off versus Andy McDonald in Ducks zone.
7:41 of 1st period - Shot by Joe Pavelski.
7:41 of 1st period - Stopped by Jonas Hiller with a rebound.
7:43 of 1st period - Shot by Kim Johnsson.
7:43 of 1st period - Shot Blocked by Henrik Tallinder.
7:47 of 1st period - Shot by Martin St. Louis.
7:47 of 1st period - Stopped by Jonas Hiller without a rebound.
7:48 of 1st period - Manny Malhotra wins face-off versus Chris Drury in Ducks zone.
8:04 of 1st period - Shot by Manny Malhotra.
8:04 of 1st period - Shot Misses the Net.
8:13 of 1st period - Icing by Mark Eaton.
8:14 of 1st period - Chris Drury wins face-off versus Andy McDonald in Wild zone.
8:27 of 1st period - Icing by Chris Drury.
8:28 of 1st period - Chris Drury wins face-off versus Jonathan Toews in Wild zone.
8:41 of 1st period - Off-side.
8:42 of 1st period - Joe Pavelski wins face-off versus Andy McDonald in neutral zone.
8:47 of 1st period - Shot by Milan Hejduk.
8:47 of 1st period - Shot Misses the Net.
9:00 of 1st period - Off-side.
9:01 of 1st period - Christian Hanson wins face-off versus Rob Niedermayer in neutral zone.
10:31 of 1st period - Shot by Joe Pavelski.
10:31 of 1st period - Shot Blocked by Tom Poti.
11:35 of 1st period - Icing by Nick Schultz.
11:36 of 1st period - Andy McDonald wins face-off versus Rob Niedermayer in Ducks zone.
12:11 of 1st period - Manny Malhotra is hit by Aaron Ward and loses puck.
12:32 of 1st period - Shot by Joe Pavelski.
12:32 of 1st period - Deflect By Milan Hejduk.
12:32 of 1st period - Shot Blocked by Marc-Edouard Vlasic.
12:34 of 1st period - Shot by Joe Pavelski.
12:34 of 1st period - Shot Blocked by Henrik Tallinder.
12:36 of 1st period - Shot by Martin St. Louis.
12:36 of 1st period - Shot Blocked by Marc-Edouard Vlasic.
12:40 of 1st period - Shot by Martin St. Louis.
12:40 of 1st period - Shot Misses the Net.
12:44 of 1st period - Shot by Milan Hejduk.
12:44 of 1st period - Stopped by Jonas Hiller without a rebound.
12:45 of 1st period - Jonathan Toews wins face-off versus Chris Drury in Ducks zone.
13:05 of 1st period - Shot by Alexei Ponikarovsky.
13:05 of 1st period - Stopped by Jonas Hiller with a rebound.
13:07 of 1st period - Shot by Daniel Alfredsson.
13:07 of 1st period - Stopped by Jonas Hiller without a rebound.
13:08 of 1st period - Joe Pavelski wins face-off versus Andy McDonald in Ducks zone.
13:08 of 1st period - Milan Hejduk is hit by Kurtis Foster and loses puck.
17:01 of 1st period - Icing by Nick Schultz.
17:02 of 1st period - Andy McDonald wins face-off versus Chris Drury in Ducks zone.
17:46 of 1st period - Icing by Francis Bouillon.
17:47 of 1st period - Chris Drury wins face-off versus Christian Hanson in Wild zone.
17:47 of 1st period - Chris Drury is hit by David Perron.
18:28 of 1st period - Minor Penalty to David Clarkson for Hooking.
18:29 of 1st period - Erik Cole wins face-off versus Christian Hanson in Ducks zone.
19:05 of 1st period - Icing by Joe Pavelski.
19:06 of 1st period - Joe Pavelski wins face-off versus Manny Malhotra in Wild zone.
19:15 of 1st period - Shot by Manny Malhotra.
19:15 of 1st period - Shot Misses the Net.
19:35 of 1st period - Off-side.
19:36 of 1st period - Jonathan Toews wins face-off versus Olli Jokinen in neutral zone.

Period #2

0:01 of 2nd period - Joe Pavelski wins face-off versus Manny Malhotra in neutral zone.
0:15 of 2nd period - Minor Penalty to Marc-Edouard Vlasic for Hooking.
0:16 of 2nd period - Christian Hanson wins face-off versus Olli Jokinen in Ducks zone.
0:27 of 2nd period - Shot by Christian Hanson.
0:27 of 2nd period - Goal by Christian Hanson - Ducks : 1 - Wild : 0.
0:28 of 2nd period - Manny Malhotra wins face-off versus Joe Pavelski in neutral zone.
0:53 of 2nd period - Rob Scuderi is hit by Joe Pavelski.
1:25 of 2nd period - Kim Johnsson is hit by Brandon Dubinsky and loses puck.
1:38 of 2nd period - Shot by Alexei Ponikarovsky.
1:38 of 2nd period - Deflect By Daniel Alfredsson.
1:38 of 2nd period - Shot Blocked by Tom Poti.
1:52 of 2nd period - Shot by Kim Johnsson.
1:52 of 2nd period - Shot Blocked by Christian Hanson.
2:15 of 2nd period - Martin St. Louis is hit by Kurtis Foster and loses puck.
2:25 of 2nd period - Icing by Nick Schultz.
2:26 of 2nd period - Rob Niedermayer wins face-off versus Mason Raymond in Ducks zone.
2:30 of 2nd period - Icing by Mason Raymond.
2:31 of 2nd period - Chris Drury wins face-off versus Andy McDonald in Ducks zone.
2:31 of 2nd period - Mark Eaton is hit by Nick Schultz and loses puck.
2:35 of 2nd period - Icing by Kurtis Foster.
2:36 of 2nd period - Rob Niedermayer wins face-off versus Andy McDonald in Ducks zone.
3:00 of 2nd period - Shot by Andy McDonald.
3:00 of 2nd period - Shot Misses the Net.
3:02 of 2nd period - Shot by Dustin Byfuglien.
3:02 of 2nd period - Shot Misses the Net.
3:30 of 2nd period - Shot by Christian Hanson.
3:30 of 2nd period - Deflect By David Perron.
3:30 of 2nd period - Stopped by Ilya Bryzgalov without a rebound.
3:31 of 2nd period - Chris Drury wins face-off versus Jonathan Toews in Wild zone.
3:36 of 2nd period - Shot by Alexei Ponikarovsky.
3:36 of 2nd period - Shot Misses the Net.
4:32 of 2nd period - Milan Hejduk is hit by Tom Poti and loses puck.
4:49 of 2nd period - Shot by Martin St. Louis.
4:49 of 2nd period - Shot Misses the Net.
5:04 of 2nd period - Jakub Voracek is hit by Michal Rozsival and loses puck.
5:16 of 2nd period - Icing by Ryan Whitney.
5:17 of 2nd period - Andy McDonald wins face-off versus Joe Pavelski in Wild zone.
6:02 of 2nd period - Minor Penalty to Christian Hanson for High sticking.
6:03 of 2nd period - Olli Jokinen wins face-off versus Manny Malhotra in Ducks zone.
6:08 of 2nd period - Shot by Mark Eaton.
6:08 of 2nd period - Goal by Mark Eaton - Ducks : 1 - Wild : 1.
6:09 of 2nd period - Chris Drury wins face-off versus David Perron in neutral zone.
6:32 of 2nd period - Marc-Edouard Vlasic is hit by Alexei Ponikarovsky and loses puck.
6:57 of 2nd period - Icing by Henrik Tallinder.
6:58 of 2nd period - David Perron wins face-off versus Rob Niedermayer in Ducks zone.
7:06 of 2nd period - David Perron is hit by Aaron Ward and loses puck.
7:07 of 2nd period - Minor Penalty to Aaron Ward for Slashing.
7:08 of 2nd period - Rob Niedermayer wins face-off versus Jonathan Toews in Wild zone.
8:15 of 2nd period - Icing by Tom Poti.
8:16 of 2nd period - Rob Niedermayer wins face-off versus Andy McDonald in Ducks zone.
8:42 of 2nd period - Shot by Kurtis Foster.
8:42 of 2nd period - Stopped by Ilya Bryzgalov without a rebound.
8:43 of 2nd period - Chris Drury wins face-off versus Jonathan Toews in Wild zone.
8:43 of 2nd period - Chris Drury is hit by Jakub Voracek.
9:22 of 2nd period - Icing by Kim Johnsson.
9:23 of 2nd period - Rob Niedermayer wins face-off versus Richard Park in Wild zone.
10:14 of 2nd period - Shot by Joe Pavelski.
10:14 of 2nd period - Deflect By Milan Hejduk.
10:14 of 2nd period - Shot Blocked by Nick Schultz.
10:16 of 2nd period - Shot by Martin St. Louis.
10:16 of 2nd period - Goal by Martin St. Louis - Ducks : 1 - Wild : 2.
10:17 of 2nd period - Jonathan Toews wins face-off versus Chris Drury in neutral zone.
11:17 of 2nd period - Shot by Andy McDonald.
11:17 of 2nd period - Shot Blocked by Daniel Alfredsson.
11:59 of 2nd period - Shot by Ryan Whitney.
11:59 of 2nd period - Shot Misses the Net.
12:32 of 2nd period - Minor Penalty to Jakub Voracek for Roughing.
12:33 of 2nd period - Christian Hanson wins face-off versus Olli Jokinen in Ducks zone.
13:26 of 2nd period - Shot by Michal Rozsival.
13:26 of 2nd period - Shot Misses the Net.
13:28 of 2nd period - Shot by Ryan Whitney.
13:28 of 2nd period - Deflect By Milan Hejduk.
13:28 of 2nd period - Stopped by Jonas Hiller with a rebound.
13:30 of 2nd period - Shot by Ryan Whitney.
13:30 of 2nd period - Shot Misses the Net.
13:32 of 2nd period - Shot by Michal Rozsival.
13:32 of 2nd period - Shot Hit the Post.
13:36 of 2nd period - Shot by Milan Hejduk.
13:36 of 2nd period - Stopped by Jonas Hiller without a rebound.
13:37 of 2nd period - Manny Malhotra wins face-off versus Olli Jokinen in Ducks zone.
14:30 of 2nd period - Christian Hanson is hit by Joe Pavelski and loses puck.
14:31 of 2nd period - Christian Hanson from Ducks is injured at 14:31 of 2nd period (Right Knee).
14:32 of 2nd period - Rob Niedermayer wins face-off versus Andy McDonald in Ducks zone.
15:16 of 2nd period - Shot by David Perron.
15:16 of 2nd period - Shot Misses the Net.
15:22 of 2nd period - Erik Cole is hit by Jonathan Toews and loses puck.
15:35 of 2nd period - Shot by Brandon Dubinsky.
15:35 of 2nd period - Shot Misses the Net.
16:21 of 2nd period - Icing by Jakub Voracek.
16:22 of 2nd period - Mason Raymond wins face-off versus Joe Pavelski in Ducks zone.
16:22 of 2nd period - Mason Raymond is hit by Milan Hejduk.
16:38 of 2nd period - Shot by Martin St. Louis.
16:38 of 2nd period - Shot Blocked by Tom Poti.
16:43 of 2nd period - Off-side.
16:44 of 2nd period - Joe Pavelski wins face-off versus Jonathan Toews in neutral zone.
16:59 of 2nd period - Shot by Daniel Alfredsson.
16:59 of 2nd period - Shot Misses the Net.
17:03 of 2nd period - Shot by Daniel Alfredsson.
17:03 of 2nd period - Goal by Daniel Alfredsson - Ducks : 1 - Wild : 3.
17:03 of 2nd period - Jose Theodore enters game.
17:04 of 2nd period - Andy McDonald wins face-off versus Chris Drury in neutral zone.
17:55 of 2nd period - Shot by Joe Pavelski.
17:55 of 2nd period - Stopped by Jose Theodore without a rebound.
17:56 of 2nd period - Manny Malhotra wins face-off versus Joe Pavelski in Ducks zone.
18:04 of 2nd period - Icing by Michal Rozsival.
18:05 of 2nd period - Jonathan Toews wins face-off versus Joe Pavelski in Wild zone.
18:05 of 2nd period - David Clarkson is hit by Michal Rozsival and loses puck.
18:24 of 2nd period - Icing by Ryan Whitney.
18:25 of 2nd period - Manny Malhotra wins face-off versus Joe Pavelski in Wild zone.
18:30 of 2nd period - Shot by Richard Park.
18:30 of 2nd period - Stopped by Ilya Bryzgalov without a rebound.
18:31 of 2nd period - Chris Drury wins face-off versus Jonathan Toews in Wild zone.
18:52 of 2nd period - Shot by Jonathan Toews.
18:52 of 2nd period - Shot Misses the Net.

Period #3

0:01 of 3rd period - Alexei Ponikarovsky wins face-off versus Jonathan Toews in neutral zone.
0:10 of 3rd period - Off-side.
0:11 of 3rd period - Joe Pavelski wins face-off versus Andy McDonald in neutral zone.
0:36 of 3rd period - Shot by Mason Raymond.
0:36 of 3rd period - Shot Misses the Net.
0:42 of 3rd period - Shot by Mason Raymond.
0:42 of 3rd period - Shot Blocked by Ryan Whitney.
0:46 of 3rd period - Shot by Dustin Byfuglien.
0:46 of 3rd period - Shot Misses the Net.
0:48 of 3rd period - Shot by Andy McDonald.
0:48 of 3rd period - Shot Misses the Net.
0:52 of 3rd period - Shot by Andy McDonald.
0:52 of 3rd period - Goal by Andy McDonald - Ducks : 2 - Wild : 3.
0:53 of 3rd period - Chris Drury wins face-off versus David Clarkson in neutral zone.
2:10 of 3rd period - Off-side.
2:11 of 3rd period - Andy McDonald wins face-off versus Rob Niedermayer in neutral zone.
2:23 of 3rd period - Mason Raymond is hit by Aaron Ward.
2:25 of 3rd period - Shot by Andy McDonald.
2:25 of 3rd period - Stopped by Ilya Bryzgalov without a rebound.
2:26 of 3rd period - Joe Pavelski wins face-off versus Bryan Little in Wild zone.
2:54 of 3rd period - Jonathan Toews is hit by Michal Rozsival and loses puck.
3:55 of 3rd period - Icing by Kim Johnsson.
3:56 of 3rd period - Rob Niedermayer wins face-off versus Jonathan Toews in Wild zone.
3:56 of 3rd period - Rob Niedermayer is hit by David Clarkson.
4:25 of 3rd period - Shot by Brandon Dubinsky.
4:25 of 3rd period - Goal by Brandon Dubinsky - Ducks : 3 - Wild : 3.
4:26 of 3rd period - Richard Park wins face-off versus Joe Pavelski in neutral zone.
4:29 of 3rd period - Joe Pavelski is hit by Jakub Voracek and loses puck.
4:52 of 3rd period - Shot by Martin St. Louis.
4:52 of 3rd period - Shot Misses the Net.
4:54 of 3rd period - Shot by Joe Pavelski.
4:54 of 3rd period - Stopped by Jose Theodore with a rebound.
4:56 of 3rd period - Shot by Joe Pavelski.
4:56 of 3rd period - Shot Misses the Net.
5:20 of 3rd period - Shot by Daniel Alfredsson.
5:20 of 3rd period - Stopped by Jose Theodore without a rebound.
5:21 of 3rd period - Andy McDonald wins face-off versus Rob Niedermayer in Ducks zone.
5:21 of 3rd period - Andy McDonald is hit by Erik Cole.
5:22 of 3rd period - Minor Penalty to Erik Cole for Roughing.
5:23 of 3rd period - Chris Drury wins face-off versus Andy McDonald in Wild zone.
5:51 of 3rd period - Icing by Brandon Dubinsky.
5:52 of 3rd period - Rob Niedermayer wins face-off versus Andy McDonald in Ducks zone.
6:22 of 3rd period - Off-side.
6:23 of 3rd period - Mason Raymond wins face-off versus Chris Drury in neutral zone.
6:54 of 3rd period - Shot by Jonathan Toews.
6:54 of 3rd period - Shot Misses the Net.
6:56 of 3rd period - Shot by Nick Schultz.
6:56 of 3rd period - Stopped by Ilya Bryzgalov without a rebound.
6:57 of 3rd period - Brandon Dubinsky wins face-off versus Chris Drury in Wild zone.
7:32 of 3rd period - Shot by Martin St. Louis.
7:32 of 3rd period - Shot Misses the Net.
7:34 of 3rd period - Shot by Daniel Alfredsson.
7:34 of 3rd period - Shot Misses the Net.
7:39 of 3rd period - Icing by Henrik Tallinder.
7:40 of 3rd period - Joe Pavelski wins face-off versus Manny Malhotra in Ducks zone.
7:46 of 3rd period - Minor Penalty to Marc-Edouard Vlasic for Interference.
7:47 of 3rd period - Jonathan Toews wins face-off versus Joe Pavelski in Ducks zone.
8:02 of 3rd period - Shot by Michal Rozsival.
8:02 of 3rd period - Shot Blocked by Rob Scuderi.
8:11 of 3rd period - Icing by Martin St. Louis.
8:12 of 3rd period - Joe Pavelski wins face-off versus Manny Malhotra in Wild zone.
8:44 of 3rd period - Shot by Kim Johnsson.
8:44 of 3rd period - Stopped by Jose Theodore without a rebound.
8:45 of 3rd period - Jonathan Toews wins face-off versus Daniel Alfredsson in Ducks zone.
9:50 of 3rd period - Mason Raymond is hit by Stephane Yelle and loses puck.
10:23 of 3rd period - Shot by Andy McDonald.
10:23 of 3rd period - Shot Misses the Net.
10:55 of 3rd period - Marc-Edouard Vlasic is hit by Erik Cole and loses puck.
11:17 of 3rd period - Francis Bouillon is hit by David Perron and loses puck.
11:40 of 3rd period - Shot by Brandon Dubinsky.
11:40 of 3rd period - Shot Misses the Net.
11:44 of 3rd period - Shot by Brandon Dubinsky.
11:44 of 3rd period - Stopped by Ilya Bryzgalov without a rebound.
11:45 of 3rd period - Andy McDonald wins face-off versus Joe Pavelski in Wild zone.
11:59 of 3rd period - Martin St. Louis is hit by Nick Schultz.
12:36 of 3rd period - Icing by Nick Schultz.
12:37 of 3rd period - Chris Drury wins face-off versus Andy McDonald in Ducks zone.
13:32 of 3rd period - Shot by Jonathan Toews.
13:32 of 3rd period - Shot Misses the Net.
13:40 of 3rd period - Shot by Milan Hejduk.
13:40 of 3rd period - Stopped by Jose Theodore without a rebound.
13:41 of 3rd period - Manny Malhotra wins face-off versus Rob Niedermayer in Ducks zone.
13:41 of 3rd period - Manny Malhotra is hit by Erik Cole.
13:49 of 3rd period - Rob Niedermayer is hit by Manny Malhotra.
13:53 of 3rd period - Shot by Jakub Voracek.
13:53 of 3rd period - Stopped by Ilya Bryzgalov without a rebound.
13:54 of 3rd period - Brandon Dubinsky wins face-off versus Rob Niedermayer in Wild zone.
14:02 of 3rd period - Henrik Tallinder is hit by Stephane Yelle.
14:21 of 3rd period - Shot by Stephane Yelle.
14:21 of 3rd period - Shot Blocked by Marc-Edouard Vlasic.
14:46 of 3rd period - Alexei Ponikarovsky is hit by Marc-Edouard Vlasic and loses puck.
15:20 of 3rd period - Shot by Milan Hejduk.
15:20 of 3rd period - Shot Blocked by Marc-Edouard Vlasic.
15:22 of 3rd period - Shot by Milan Hejduk.
15:22 of 3rd period - Shot Misses the Net.
15:26 of 3rd period - Shot by Milan Hejduk.
15:26 of 3rd period - Stopped by Jose Theodore without a rebound.
15:27 of 3rd period - Dustin Byfuglien wins face-off versus Joe Pavelski in Ducks zone.
16:15 of 3rd period - Icing by Daniel Alfredsson.
16:16 of 3rd period - Chris Drury wins face-off versus Jonathan Toews in Wild zone.
16:21 of 3rd period - Shot by Alexei Ponikarovsky.
16:21 of 3rd period - Stopped by Jose Theodore without a rebound.
16:22 of 3rd period - Joe Pavelski wins face-off versus Jonathan Toews in Ducks zone.
16:37 of 3rd period - Joe Pavelski is hit by David Clarkson and loses puck.
17:14 of 3rd period - Shot by Manny Malhotra.
17:14 of 3rd period - Stopped by Ilya Bryzgalov without a rebound.
17:15 of 3rd period - Alexei Ponikarovsky wins face-off versus Dustin Byfuglien in Wild zone.
18:05 of 3rd period - Jonathan Toews is hit by Aaron Ward and loses puck.
18:10 of 3rd period - Shot by David Clarkson.
18:10 of 3rd period - Deflect By Jonathan Toews.
18:10 of 3rd period - Stopped by Ilya Bryzgalov without a rebound.
18:11 of 3rd period - Olli Jokinen wins face-off versus Andy McDonald in Wild zone.
18:22 of 3rd period - Jakub Voracek is hit by Olli Jokinen and loses puck.
18:28 of 3rd period - Minor Penalty to Manny Malhotra for Charging.
18:29 of 3rd period - Alexei Ponikarovsky wins face-off versus Andy McDonald in Ducks zone.
18:38 of 3rd period - Shot by Kim Johnsson.
18:38 of 3rd period - Stopped by Jose Theodore without a rebound.
18:39 of 3rd period - Olli Jokinen wins face-off versus Jonathan Toews in Ducks zone.

Overtime #1

0:01 of 1st overtime period - Jonathan Toews wins face-off versus Joe Pavelski in neutral zone.
0:12 of 1st overtime period - Shot by Milan Hejduk.
0:12 of 1st overtime period - Stopped by Jose Theodore without a rebound.
0:13 of 1st overtime period - Jonathan Toews wins face-off versus Olli Jokinen in Ducks zone.
1:46 of 1st overtime period - Shot by Daniel Alfredsson.
1:46 of 1st overtime period - Shot Blocked by Tom Poti.
1:48 of 1st overtime period - Shot by Daniel Alfredsson.
1:48 of 1st overtime period - Shot Blocked by Rob Scuderi.
1:50 of 1st overtime period - Shot by Francis Bouillon.
1:50 of 1st overtime period - Shot Blocked by Rob Scuderi.
1:52 of 1st overtime period - Shot by Mark Eaton.
1:52 of 1st overtime period - Shot Misses the Net.
1:54 of 1st overtime period - Shot by Francis Bouillon.
1:54 of 1st overtime period - Shot Misses the Net.
1:56 of 1st overtime period - Shot by Chris Drury.
1:56 of 1st overtime period - Stopped by Jose Theodore without a rebound.
1:57 of 1st overtime period - Andy McDonald wins face-off versus Rob Niedermayer in Ducks zone.
2:16 of 1st overtime period - Shot by Andy McDonald.
2:16 of 1st overtime period - Stopped by Ilya Bryzgalov without a rebound.
2:17 of 1st overtime period - Chris Drury wins face-off versus Manny Malhotra in Wild zone.
3:10 of 1st overtime period - Icing by Nick Schultz.
3:11 of 1st overtime period - Joe Pavelski wins face-off versus Andy McDonald in Ducks zone.
3:30 of 1st overtime period - Shot by Andy McDonald.
3:30 of 1st overtime period - Stopped by Ilya Bryzgalov without a rebound.
3:31 of 1st overtime period - Rob Niedermayer wins face-off versus Jonathan Toews in Wild zone.
4:25 of 1st overtime period - Icing by Ryan Whitney.
4:26 of 1st overtime period - Joe Pavelski wins face-off versus Manny Malhotra in Wild zone.
4:32 of 1st overtime period - Minor Penalty to Henrik Tallinder for Interference.
4:33 of 1st overtime period - Manny Malhotra wins face-off versus Olli Jokinen in Ducks zone.
5:13 of 1st overtime period - Icing by Daniel Alfredsson.
5:14 of 1st overtime period - Olli Jokinen wins face-off versus Manny Malhotra in Wild zone.
5:47 of 1st overtime period - Icing by Martin St. Louis.
5:48 of 1st overtime period - Manny Malhotra wins face-off versus Milan Hejduk in Wild zone.
6:52 of 1st overtime period - Shot by Andy McDonald.
6:52 of 1st overtime period - Shot Blocked by Francis Bouillon.
8:38 of 1st overtime period - Icing by Michal Rozsival.
8:39 of 1st overtime period - Andy McDonald wins face-off versus Milan Hejduk in Wild zone.
8:48 of 1st overtime period - Shot by Mason Raymond.
8:48 of 1st overtime period - Shot Blocked by Ryan Whitney.
8:55 of 1st overtime period - Icing by Michal Rozsival.
8:56 of 1st overtime period - Jonathan Toews wins face-off versus Milan Hejduk in Wild zone.
9:58 of 1st overtime period - Shot by Andy McDonald.
9:58 of 1st overtime period - Stopped by Ilya Bryzgalov without a rebound.
9:59 of 1st overtime period - Chris Drury wins face-off versus Jonathan Toews in Wild zone.
10:24 of 1st overtime period - Shot by Alexei Ponikarovsky.
10:24 of 1st overtime period - Shot Blocked by Tom Poti.
10:57 of 1st overtime period - Erik Cole is hit by Henrik Tallinder and loses puck.
11:09 of 1st overtime period - Icing by Marc-Edouard Vlasic.
11:10 of 1st overtime period - Rob Niedermayer wins face-off versus Manny Malhotra in Ducks zone.
11:16 of 1st overtime period - Icing by Henrik Tallinder.
11:17 of 1st overtime period - Rob Niedermayer wins face-off versus Manny Malhotra in Ducks zone.
11:24 of 1st overtime period - Shot by Rob Niedermayer.
11:24 of 1st overtime period - Stopped by Jose Theodore with a rebound.
13:18 of 1st overtime period - Off-side.
13:19 of 1st overtime period - Rob Niedermayer wins face-off versus Jonathan Toews in neutral zone.
14:38 of 1st overtime period - David Clarkson is hit by Ryan Whitney and loses puck.
14:41 of 1st overtime period - Shot by David Clarkson.
14:41 of 1st overtime period - Stopped by Ilya Bryzgalov without a rebound.
14:42 of 1st overtime period - Manny Malhotra wins face-off versus Chris Drury in Wild zone.
14:42 of 1st overtime period - Brandon Dubinsky is hit by Francis Bouillon and loses puck.
15:39 of 1st overtime period - Off-side.
15:40 of 1st overtime period - Joe Pavelski wins face-off versus Andy McDonald in neutral zone.
15:47 of 1st overtime period - Shot by Joe Pavelski.
15:47 of 1st overtime period - Stopped by Jose Theodore with a rebound.
15:51 of 1st overtime period - Shot by Martin St. Louis.
15:51 of 1st overtime period - Stopped by Jose Theodore without a rebound.
15:52 of 1st overtime period - Joe Pavelski wins face-off versus Andy McDonald in Ducks zone.
16:35 of 1st overtime period - Icing by Dustin Byfuglien.
16:36 of 1st overtime period - Chris Drury wins face-off versus Andy McDonald in Ducks zone.
16:56 of 1st overtime period - Olli Jokinen is hit by Kurtis Foster and loses puck.
17:11 of 1st overtime period - Shot by Jakub Voracek.
17:11 of 1st overtime period - Shot Misses the Net.
17:15 of 1st overtime period - Shot by Kurtis Foster.
17:15 of 1st overtime period - Stopped by Ilya Bryzgalov without a rebound.
17:16 of 1st overtime period - Olli Jokinen wins face-off versus Manny Malhotra in Wild zone.
17:43 of 1st overtime period - Shot by Daniel Alfredsson.
17:43 of 1st overtime period - Stopped by Jose Theodore without a rebound.
17:44 of 1st overtime period - Jonathan Toews wins face-off versus Joe Pavelski in Ducks zone.
18:53 of 1st overtime period - Off-side.
18:54 of 1st overtime period - Olli Jokinen wins face-off versus Andy McDonald in neutral zone.
19:01 of 1st overtime period - Off-side.
19:02 of 1st overtime period - Andy McDonald wins face-off versus Milan Hejduk in neutral zone.
19:09 of 1st overtime period - Shot by Jakub Voracek.
19:09 of 1st overtime period - Stopped by Ilya Bryzgalov without a rebound.
19:10 of 1st overtime period - Jakub Voracek wins face-off versus Joe Pavelski in Wild zone.
19:21 of 1st overtime period - Shot by Mason Raymond.
19:21 of 1st overtime period - Stopped by Ilya Bryzgalov without a rebound.
19:22 of 1st overtime period - Jonathan Toews wins face-off versus Martin St. Louis in Wild zone.
19:37 of 1st overtime period - Shot by Andy McDonald.
19:37 of 1st overtime period - Stopped by Ilya Bryzgalov without a rebound.
19:38 of 1st overtime period - Chris Drury wins face-off versus David Clarkson in Wild zone.
19:42 of 1st overtime period - Off-side.
19:43 of 1st overtime period - Chris Drury wins face-off versus Jonathan Toews in neutral zone.
19:52 of 1st overtime period - Shot by Daniel Alfredsson.
19:52 of 1st overtime period - Deflect By Alexei Ponikarovsky.
19:52 of 1st overtime period - Goal by Alexei Ponikarovsky - Ducks : 3 - Wild : 4.


Output by the SimonT Hockey Simulator (STHS) for Stephane Roy -- Original Page W3C XHTML 1.0 Valid